 Dungeon Crawl Stone Soup version 0.26-a0-1079-g3a4175ecf3 (webtiles) character file.

Game seed: 7300476067945276707

49 KristoblXynda the Shield-Bearer (level 3, 0/31 HPs)
             Began as a Draconian Fighter on Dec 14, 2020.
             Was an Initiate of Ashenzari.
             Slain by a gnoll
             ... wielding a +0 halberd
              (4 damage)
             ... on level 2 of the Dungeon.
             The game lasted 00:01:38 (975 turns).

KristoblXynda the Shield-Bearer (Draconian Fighter)  Turns: 975, Time: 00:01:39

Health: 0/31       AC:  5    Str: 18    XL:     3   Next: 51%
Magic:  3/3        EV: 10    Int:  9    God:    Ashenzari [......]
Gold:   74         SH:  9    Dex: 10    Spells: 2/2 levels left

rFire    . . .     SeeInvis .   a - +0 long sword
rCold    . . .     Faith    .   b - +0 kite shield
rNeg     . . .     Spirit   .   (armour unavailable)
rPois    .         Reflect  .   (helmet restricted)
rElec    .         Harm     .   (no cloak)
rCorr    .         Rampage  .   (no gloves)
Will     .....                  (no boots)
Stlth    +.........             (no amulet)
HPRegen  0.10/turn              (no ring)
MPRegen  0.08/turn              (no ring)

@: no status effects
A: unfitting armour, cold-blooded, AC +5
a: Curse Item, Renounce Religion


You were on level 2 of the Dungeon.
You worshipped Ashenzari.
Ashenzari was noncommittal.
You visited 1 branch of the dungeon, and saw 2 of its levels.

You collected 74 gold pieces.

Inventory:

Hand Weapons
 a - a +0 long sword (weapon)
Armour
 b - a +0 kite shield (worn)
Scrolls
 d - a scroll of identify {unknown}
 e - a scroll of amnesia {unknown}
 h - 2 scrolls of enchant weapon {unknown}
 j - a scroll of random uselessness {unknown}
 l - a scroll of magic mapping {unknown}
Potions
 c - 3 potions of might
 f - 2 potions of mutation {unknown}
 g - a potion of invisibility {unknown}
 i - a potion of degeneration {unknown}
 k - 2 potions of magic {unknown}
 m - 2 potions of flight {unknown}


   Skills:
 - Level 3.2 Fighting
 * Level 3.1 Long Blades
 + Level 3.1 Dodging
 + Level 3.4 Shields


You had 2 spell levels left.
You didn't know any spells.
Your spell library was empty.

Dungeon Overview and Level Annotations

Branches:
Dungeon (2/15)

Altars:
Ashenzari
Dithmenos


Innate Abilities, Weirdness & Mutations

Your plain brown scales are hard. (AC +5)
You cannot fit into any form of body armour.
You are cold-blooded and may be slowed by cold attacks.


Message History

The gnoll hits you with a +0 spear.
The gnoll hits you from afar with a +0 halberd.
You block the gnoll's attack.
You closely miss the gnoll.
Your tail-slap misses the gnoll.
The gnoll is heavily wounded.
You block the gnoll's attack. x2
You hit the gnoll.
You kill the gnoll!
The gnoll barely misses you. The gnoll closely misses you.
Things that are here:
a +0 spear; a gnoll corpse You barely miss the gnoll.
You block the gnoll's attack.
You hit the gnoll.
The gnoll is moderately wounded.
The gnoll hits you with a +0 halberd!
* * * LOW HITPOINT WARNING * * *
You barely miss the gnoll. You tail-slap the gnoll.
The gnoll is severely wounded.
You block the gnoll's attack. The gnoll hits you with a +0 halberd.
You die...

######## #......#
#......# #......#
#......#
#######......#
#..g@........#
#...$#####.######
#.. #.# # #.#
##'### #....#
#....# #....# ..#
#....# #...#


You could see a gnoll.

Vanquished Creatures
  A gnoll (D:2)
  A worm (D:2)
  3 dart slugs (D:1)
  A leopard gecko (D:1)
  A bat (D:1)
  A giant cockroach (D:1)
  7 goblins (D:1)
  A hobgoblin (D:1)
  2 jackals (D:1)
  A kobold (D:1)
  A frilled lizard (D:1)
  8 rats (D:1)
28 creatures vanquished.

Notes
Turn   | Place    | Note
-------+----------+-------------------------------------------
     0 | D:1      | KristoblXynda the Draconian Fighter began the quest for the
                  | Orb.
     0 | D:1      | Reached XP level 1. HP: 19/19 MP: 1/1
    79 | D:1      | Found a broken altar of Ashenzari.
   151 | D:1      | Reached XP level 2. HP: 23/26 MP: 2/2
   205 | D:1      | Became a worshipper of Ashenzari the Shackled
   509 | D:1      | Reached XP level 3. HP: 22/31 MP: 3/3
   940 | D:2      | Found a shadowy altar of Dithmenos.
   975 | D:2      | Slain by a gnoll

Illustrated notes

Levels and vault maps discovered:
D:1:      kennysheep_arrival_seaside, layout_rooms, nicolae_ashenzari_panopticon
D:2:      layout_basic, grunt_dithmenos_smoke_and_mirrors,
          grunt_temple_overflow_open, nicolae_overflow_crystal_walls

Skill      XL: |  1  2  3 |
---------------+----------+-----
Dodging        | 3 |  3.1
Long Blades    | 3 |  3.1
Fighting       | |  3.2
Shields        | |  3.4

Action                   || total
-------------------------++-------
Melee: Long sword        ||    82
       Tailslap          ||    16
 Stab: Sleeping          ||     1
Armor: Skin              ||    25
Dodge: Dodged            ||    33
Block: Kite shield       ||    53
       Rpst.: Long sword ||     8

Table legend: (Time is in decaauts)
 A = Elapsed time spent in this place.
 B = Non-inter-level travel time spent in this place.
 C = Inter-level travel time spent in this place.
 D = Time resting spent in this place.
 E = Time spent auto-exploring this place.
 F = Levels seen in this place.
 G = Mean time per level.
                   A        B        C        D        E       F      G
               +--------+--------+--------+--------+--------+-----+--------+
         Total |   1004 |    977 |     27 |      0 |    686 |   2 |  502.0 |
       Dungeon |   1004 |    977 |     27 |      0 |    686 |   2 |  502.0 |
               +--------+--------+--------+--------+--------+-----+--------+

Top non-repeatable levels by time:
     D:1: 918 daAuts
     D:2: 86 daAuts
